[Event "ETCC Open 2023"]
[Site "Budva"]
[Date "2023.11.12"]
[Round "2.28"]
[White "Yilmazyerli, Mert"]
[Black "Lagarde, Maxime"]
[Result "0-1"]
[ECO "A30"]
[WhiteElo "2533"]
[BlackElo "2629"]
[Annotator "TA"]
[PlyCount "92"]
[EventDate "2023.11.10"]
[EventType "team-tourn"]
[EventCountry "MNE"]
[SourceTitle "playchess.com"]
[Source "ChessBase"]
[SourceQuality "1"]
[WhiteTeam "Turkey"]
[BlackTeam "France"]
[WhiteTeamCountry "TUR"]
[BlackTeamCountry "FRA"]
[TimeControl "40/5400+30:1800+30"]

1. Nf3 c5 2. c4 Nf6 3. g3 d5 4. cxd5 Nxd5 5. Bg2 Nc6 6. d4 cxd4 7. Nxd4 Ndb4 8. Nxc6 Qxd1+ 9. Kxd1 Nxc6 10. Nc3 {[%emt 0:00:31] A30: Symmetrical English: Double Fianchetto and Hedgehog.} Bf5 11. Bd2 {[%emt 0:01:02] [#]} e5 $146 ({Predecessor:} 11... O-O-O 12. Rc1 Kb8 13. Ke1 e5 14. Nd5 Be6 15. e4 Bd6 16. Be3 Nb4 17. Ke2 Nxd5 18. exd5 {0-1 Balleisen,A (2196)-Song,E (2285) Charlotte CCCSA IM-C 2017 (5)}) 12. Rc1 {[%emt 0:03:44] The position is equal.} Rc8 13. Ke1 h5 14. f4 exf4 15. gxf4 Be7 16. h4 O-O 17. Nd5 {[%emt 0:01:44][%cal Oc1c6] Wards off Nb4} Bd6 18. Kf2 Rfe8 19. Be3 Re6 20. Bf3 Bg4 21. Rhg1 f5 22. Rgd1 Rce8 23. Rd2 Kh8 24. Bc5 (24. Rcd1 $11 {keeps the balance.}) 24... Bxf3 25. Kxf3 (25. exf3 $15 Bxc5+ 26. Rxc5) 25... Bxc5 $17 26. Rxc5 {[%emt 0:00:00] [#]} Rxe2 $3 {[%emt 0:00:42][%mdl 576] Decoy} 27. Rxe2 Nd4+ {[%emt 0:00:12][%mdl 64] Deflection, Double Attack} 28. Kg3 Rxe2 {[%emt 0:01:09][%mdl 4096] Endgame KRN-KRN} 29. Rc4 Nc6 30. b4 a6 {[%emt 0:01:31] Black is more active.} 31. a4 Rb2 32. Rc5 $1 Rb3+ 33. Kg2 Nxb4 34. Ne7 Re3 35. Rc7 (35. Nxf5 $11 Re2+ 36. Kf3 Rf2+ 37. Kg3) 35... Re4 (35... Nd3 $142 36. Rxb7 Re4) 36. Rxb7 Nd3 {[%emt 0:00:16][%mdl 64] Discovered Attack} (36... Rxf4 $2 37. Ng6+ Kh7 38. Nxf4 $18) 37. a5 (37. Kg3 $15) 37... Nxf4+ $19 (37... Rxf4 38. Ng6+ Kh7 39. Nxf4 Nxf4+ 40. Kg3 Ne2+ 41. Kf2 $18) 38. Kf3 Ne6 {[%emt 0:00:28] White must now prevent ...Kh7.} ({And not} 38... g6 39. Ra7 $11) 39. Ra7 Kh7 (39... Rxh4 $2 40. Ng6+ (40. Nxf5 $2 {is the wrong capture.} Rf4+ 41. Kg3 Rxf5 $19) 40... Kg8 41. Nxh4 $18) 40. Kg3 f4+ 41. Kf2 Nd4 42. Nd5 {[%emt 0:00:00] Nf6+ is the strong threat.} Re2+ 43. Kf1 f3 {[%emt 0:00:00] Strongly threatening ...Nf5.} 44. Rf7 {[%emt 0:00:00] Repels Nf5} Re5 45. Nb4 Nf5 {[%emt 0:00:00] And now ...Kg6 would win.} 46. Nxa6 (46. Kf2 $19 Nxh4 47. Nd3 Rxa5 48. Kg3) 46... Kg8 {[%emt 0:00:00] Weighted Error Value: White=0.44/Black=0.06 (flawless)} (46... Kg6 $142 47. Rf8 Re2 48. Rxf5 Kxf5 49. Nc7 Kf4 50. Nd5+ Kg3 51. Nc3 Rc2 52. Nd1 Rc1 53. Ke1 f2+ 54. Ke2 Rxd1 {[%mdl 64] Deflection, Promotion} 55. Kxd1 f1=Q+ 56. Kd2 Kf3 57. a6 Qxa6 58. Kc3 Qc6+ 59. Kb2 Ke2 60. Kb3 Kd3 61. Kb2 Qb7+ 62. Ka2 Kc2 63. Ka3 Qb3#) 0-1

[Event "ETCC Open 2023"]
[Site "Budva"]
[Date "2023.11.12"]
[Round "2.29"]
[White "Van Foreest, Jorden"]
[Black "Theodorou, Nikolas"]
[Result "1-0"]
[ECO "C18"]
[WhiteElo "2700"]
[BlackElo "2619"]
[Annotator "TA"]
[PlyCount "97"]
[EventDate "2023.11.10"]
[EventType "team-tourn"]
[EventCountry "MNE"]
[SourceTitle "playchess.com"]
[Source "ChessBase"]
[SourceQuality "1"]
[WhiteTeam "Netherlands"]
[BlackTeam "Greece"]
[WhiteTeamCountry "NED"]
[BlackTeamCountry "GRE"]
[TimeControl "40/5400+30:1800+30"]

1. e4 e6 2. d4 d5 3. Nc3 Bb4 4. e5 c5 5. a3 Bxc3+ 6. bxc3 Ne7 7. Qg4 cxd4 8. Qxg7 Rg8 9. Qxh7 Qc7 10. Qd3 dxc3 11. Ne2 Nbc6 12. Qxc3 Bd7 13. f4 Nf5 14. Ng3 {[%emt 0:07:31] C18: French: 3 Nc3 Bb4: Main line: 7 h4 and 7 Qg4.} d4 15. Qc5 (15. Qc4 $1 $14) 15... b6 16. Qc4 {[%emt 0:00:28] White is slightly better.} Nxg3 17. hxg3 O-O-O ({Black should play} 17... Rc8 $14) 18. Kf2 $16 {[%emt 0:04:30] [#]} Rdf8 $146 (18... Ne7 $16) ({Predecessor:} 18... Kb8 19. Rh7 Be8 20. Bd3 Qe7 21. Bd2 Rc8 22. Qa2 Qc7 23. a4 Ne7 24. Bb4 Ka8 {1-0 Geiger,W (2035)-Scuderi,D (2134) Champion's League 07/C6 bd02 email 2007 [2]}) 19. Rh6 (19. Rh7 $18) 19... Ne7 20. Qxc7+ (20. Qxd4 $2 {perishes.} Nf5 21. Qc4 (21. Ba6+ $2 Kb8 $19) 21... Nxh6 $19) 20... Kxc7 21. a4 Nf5 22. Rh3 f6 23. a5 {[%emt 0:03:56] Rh7 is the strong threat.} b5 24. Ba3 Rf7 25. exf6 Rxf6 26. Bd3 Rf7 (26... e5 $16 {is a better defense.} 27. Bc5 (27. fxe5 Rf7 $16) 27... Ne3) 27. Re1 (27. Bc5 $18) 27... Ne3 28. Rh7 Rxh7 29. Bxh7 {[%emt 0:00:05] A strong pair of Bishops.} Rg7 30. Bd3 {[%emt 0:04:56] Bc5 would be deadly.} Ng4+ 31. Kg1 {[%emt 0:01:46] White is more active.} Ne3 {[%emt 0:00:00] [#]} 32. Bc1 $1 Nf5 ({Black should try} 32... Rxg3 33. Bxe3 dxe3) 33. Kf2 Nxg3 34. Bb2 Nf5 {[%emt 0:00:00] [#]} 35. Rg1 $1 Rg4 36. g3 Kb7 (36... Rg8 {might work better.} 37. g4 {[%mdl 64] Deflection} Ne3) 37. Be2 $18 Rg8 38. g4 Ne3 39. Bxd4 Nxc2 40. Be5 {[%emt 0:00:36] And now Rc1 would win.} Nb4 41. g5 {[%emt 0:32:05] Threatens to win with Rb1.} Be8 $2 (41... Nc6 {was worth a try.} 42. Bf3 (42. Bxb5 Nxe5 {[%mdl 64] Discovered Attack} 43. Rb1 Nc6 $17) 42... Ka6) 42. Rb1 Nd5 43. Bxb5 Bxb5 44. Rxb5+ {[%emt 0:00:05] KRB-KRN} Kc6 45. Rb8 Rxb8 46. Bxb8 {[%emt 0:00:00] Black must now prevent Kf3.} Kb7 47. Be5 {[%emt 0:00:00] Strongly threatening Kf3.} Ka6 48. Kf3 Kxa5 49. Bf6 {[%emt 0:00:00] Weighted Error Value: White=0.10 (very precise) /Black=0.55} 1-0

[Event "ETCC Open 2023"]
[Site "Budva"]
[Date "2023.11.12"]
[Round "2.30"]
[White "Mastrovasilis, Dimitrios"]
[Black "Warmerdam, Max"]
[Result "1/2-1/2"]
[ECO "B51"]
[WhiteElo "2573"]
[BlackElo "2638"]
[Annotator "TA"]
[PlyCount "33"]
[EventDate "2023.11.10"]
[EventType "team-tourn"]
[EventCountry "MNE"]
[SourceTitle "playchess.com"]
[Source "ChessBase"]
[SourceQuality "1"]
[WhiteTeam "Greece"]
[BlackTeam "Netherlands"]
[WhiteTeamCountry "GRE"]
[BlackTeamCountry "NED"]
[TimeControl "40/5400+30:1800+30"]

1. e4 c5 2. Nf3 d6 3. Bb5+ Nd7 4. d4 cxd4 5. Qxd4 a6 6. Bxd7+ Bxd7 7. Nc3 {[%emt 0:00:39] The position is equal.} e6 {[%emt 0:01:13] B51: Sicilian: Moscow Variation (3 Bb5+) without 3...Bd7.} 8. Be3 Bc6 9. O-O-O Nf6 10. e5 dxe5 11. Qxd8+ Rxd8 12. Rxd8+ Kxd8 13. Nxe5 {[%emt 0:00:13] [#]} Be8 $5 $146 {[%emt 0:00:04][%mdl 8] An interesting novelty.} (13... Bxg2 $2 14. Rg1 (14. Nxf7+ Ke8 $15) 14... Ke8 15. Rxg2 $18) ({Predecessor:} 13... Ke8 14. Nxc6 bxc6 15. h3 Nd5 16. Bd4 f6 17. Re1 Kf7 18. Na4 Nf4 19. g3 Nd5 20. c4 Nc7 21. Rd1 Ne8 22. Bc5 Bxc5 23. Nxc5 e5 {½-½ Sanati,C (1539)-Piskaykin,B (1634) GER-ch U12 Oberhof 2012 (6)}) 14. Nc4 Bc6 15. Ne5 Be8 (15... Bxg2 $2 16. Rg1 $18 (16. Nxf7+ Ke8 $11)) 16. Nc4 Bc6 17. Ne5 {[%emt 0:00:56] An uneventful encounter.   Weighted Error Value: White=0.06 (flawless) /Black=0.03 (flawless)} 1/2-1/2

[Event "ETCC Open 2023"]
[Site "Budva"]
[Date "2023.11.12"]
[Round "2.31"]
[White "Bok, Benjamin"]
[Black "Kourkoulos-Arditis, Stamatis"]
[Result "1/2-1/2"]
[ECO "E64"]
[WhiteElo "2621"]
[BlackElo "2543"]
[Annotator "TA"]
[PlyCount "105"]
[EventDate "2023.11.10"]
[EventType "team-tourn"]
[EventCountry "MNE"]
[SourceTitle "playchess.com"]
[Source "ChessBase"]
[SourceQuality "1"]
[WhiteTeam "Netherlands"]
[BlackTeam "Greece"]
[WhiteTeamCountry "NED"]
[BlackTeamCountry "GRE"]
[TimeControl "40/5400+30:1800+30"]

1. Nf3 Nf6 2. g3 g6 3. Bg2 Bg7 4. c4 O-O 5. Nc3 d6 6. d4 c5 7. dxc5 dxc5 8. Qxd8 Rxd8 9. Be3 $1 {[%emt 0:00:05] 9.Be3 scores better than 9.Ne5. E64: King's Indian: Fianchetto: 6...c5 7 d5.} Nc6 10. Bxc5 Nd7 11. Be3 Nb6 12. Nd2 Be6 13. Rc1 Nxc4 ({Much less strong is} 13... Bxc4 14. Bxb6 Rxd2 15. Kxd2 $16) 14. Nxc4 Bxc4 15. Bxc6 bxc6 16. b3 Bd5 {[%emt 0:00:16] This pair of bishops is nice.} 17. f3 Bxc3+ 18. Rxc3 a5 19. Kf2 a4 20. bxa4 Rxa4 21. a3 Bc4 22. Bc5 {[%emt 0:21:45] [#]} e5 $146 ({Predecessor:} 22... Rd7 23. Rhc1 Bb5 24. Re3 Kf8 25. g4 f6 26. Bb4 Kf7 27. h4 Raa7 28. Re4 h5 {1-0 Petrosyan,M (2613)-Fier,A (2549) Saint Louis Fall-B 2019 (1)}) 23. Be7 Rd5 24. Bf6 Bb5 25. Re3 {[%emt 0:09:29] Repels e4} e4 26. fxe4 Rd2 27. Ra1 Kf8 28. Ke1 Rd7 29. g4 h6 30. Ra2 Ke8 31. Rc2 Rd6 32. Bg7 h5 33. e5 Rd5 34. gxh5 gxh5 35. Rh3 Kd7 36. Bf6 Ke6 37. Rcc3 Re4 {[%emt 0:03:12] The position is equal.} 38. Rce3 Rxe3 39. Rxe3 $11 {[%emt 0:00:01][%mdl 4096] Endgame KRB-KRB} Rd4 40. Rh3 Re4 41. e3 Ra4 42. Rxh5 Rxa3 43. Kf2 c5 44. Rh8 c4 45. e4 c3 46. Rc8 {[%emt 0:02:09] Wards off Bc6. Rc7 is the strong threat.} Kd7 {[%emt 0:03:42] Prevents Rc7+.} 47. Rxc3 Rxc3 48. e6+ $1 {[%emt 0:00:03][%mdl 64] [#] Discovered Attack} Kxe6 49. Bxc3 {[%emt 0:00:02] KB-KB} f6 50. Ke3 Be8 51. h4 Bg6 52. Kf4 Kf7 53. Bb2 {[%emt 0:00:21] Weighted Error Value: White=0.05 (flawless) /Black=0.05 (flawless)} 1/2-1/2

[Event "ETCC Open 2023"]
[Site "Budva"]
[Date "2023.11.12"]
[Round "2.32"]
[White "Ioannidis, Evgenios"]
[Black "Van Foreest, Lucas"]
[Result "1/2-1/2"]
[ECO "A28"]
[WhiteElo "2502"]
[BlackElo "2540"]
[Annotator "ChessBase"]
[PlyCount "83"]
[EventDate "2023.11.10"]
[EventType "team-tourn"]
[EventCountry "MNE"]
[SourceTitle "playchess.com"]
[Source "ChessBase"]
[SourceQuality "1"]
[WhiteTeam "Greece"]
[BlackTeam "Netherlands"]
[WhiteTeamCountry "GRE"]
[BlackTeamCountry "NED"]
[TimeControl "40/5400+30:1800+30"]

1. c4 e5 2. Nc3 Nf6 3. Nf3 Nc6 4. e4 Bb4 5. d3 d6 6. a3 Bxc3+ 7. bxc3 Ne7 8. g3 Ng6 9. Bg2 c6 10. O-O O-O 11. a4 h6 12. Ne1 Re8 13. Nc2 d5 14. cxd5 cxd5 15. exd5 Nxd5 16. Ne3 Be6 17. c4 Nxe3 18. Bxe3 Qd7 19. Rb1 Reb8 20. Qb3 Bh3 21. Qb5 Qg4 22. Qd5 Bxg2 23. Qxg2 Qd7 24. a5 Qxd3 25. Rxb7 e4 26. Rxb8+ Rxb8 27. Bxa7 Rb4 28. Ra1 Ne5 29. Qf1 Qd7 30. Bc5 Rxc4 31. Qxc4 Nxc4 32. a6 Qc6 33. a7 Qa8 34. Rb1 Kh7 35. h4 Qd5 36. Rb8 Qd1+ 37. Kh2 Ne5 38. a8=Q Ng4+ 39. Kg2 Qf3+ 40. Kg1 Qd1+ 41. Kg2 Qf3+ 42. Kg1 1/2-1/2

[Event "ETCC Open 2023"]
[Site "Budva"]
[Date "2023.11.12"]
[Round "2.33"]
[White "Vocaturo, Daniele"]
[Black "Predke, Alexandr"]
[Result "1/2-1/2"]
[ECO "B30"]
[WhiteElo "2632"]
[BlackElo "2661"]
[Annotator "TA"]
[PlyCount "256"]
[EventDate "2023.11.10"]
[EventType "team-tourn"]
[EventCountry "MNE"]
[SourceTitle "playchess.com"]
[Source "ChessBase"]
[SourceQuality "1"]
[WhiteTeam "Italy"]
[BlackTeam "Serbia"]
[WhiteTeamCountry "ITA"]
[BlackTeamCountry "SRB"]
[TimeControl "40/5400+30:1800+30"]

1. e4 c5 2. Nf3 Nc6 3. Bb5 e6 4. Bxc6 bxc6 5. d3 Qc7 6. e5 f6 7. Bf4 Ne7 8. O-O fxe5 9. Bxe5 d6 10. Bg3 g6 11. d4 cxd4 12. Qxd4 e5 13. Qc4 Nd5 14. Nc3 Nb6 15. Qb3 Ba6 16. Rfe1 Bc4 17. Qa3 Be7 18. b3 Bd5 19. Nxd5 cxd5 20. c4 O-O 21. cxd5 Nxd5 22. Rac1 Qb7 23. Qa4 Nf4 24. Qc4+ d5 25. Qc7 Qxc7 26. Rxc7 Bb4 27. Bxf4 Rxf4 28. Rd1 e4 29. Nd4 Ba5 30. Rg7+ Kh8 31. Rd7 Bb6 32. Rxd5 Raf8 33. Ne6 Rxf2 34. Nxf8 Rxf8+ 35. Kh1 e3 36. Re5 Rf2 37. Re1 (37. g4 $18 {and White stays clearly on top.}) 37... Kg7 38. h4 Rxa2 39. Re4 Rb2 40. b4 Rd2 41. Kh2 h5 42. Kh3 Rd3 43. g3 Rd2 44. Rf1 Rf2 45. Rc1 Kf7 46. Rd1 Rd2 47. Re1 (47. Rf1+ $16 Rf2 48. Rxf2+ exf2 49. Kg2) 47... Rc2 (47... Kg7 $1 $11) 48. Rf1+ $16 Rf2 49. Rc1 $1 Rf6 50. Rc8 Re6 $2 (50... Rd6 $16 {was called for.} 51. Rce8 Rd2 52. R4e7+ Kf6 53. Re6+ Kf5) 51. Rf8+ $18 Kxf8 52. Rxe6 Kf7 53. Re4 Kf6 54. Kg2 Kf5 55. Kf3 Kf6 56. Kf4 Bc7+ 57. Kf3 $2 (57. Kxe3 Bxg3 58. Kf3) 57... Bb6 $1 $18 58. Ke2 Kf5 59. Kf3 Kf6 $1 60. Re8 Kf7 61. Re5 Kf6 62. Re4 Kf5 63. Re8 Kf6 64. Rf8+ Ke7 $2 (64... Kg7 65. Rf4 Kg8) 65. Rf4 Ke6 66. Ke2 Ke5 67. Kd3 Ke6 68. Rf3 Ke5 69. Rf1 Bd4 $2 (69... Ke6 70. Rf4 Ke5) 70. Rc1 $18 Bb6 71. Rc6 Kf5 72. Ke2 Bd4 73. Kf3 Bb6 74. Rd6 Bc7 75. Rd5+ Kf6 76. Ke2 $2 ({Less strong is} 76. Kxe3 Bxg3 77. Rd7 Be1 $18) (76. g4 $18 hxg4+ 77. Kxe3) 76... Bb6 $2 (76... Bxg3 $11 77. Ra5 (77. Kxe3 Bxh4 78. Ra5 Be1 $11) 77... Ke6) 77. Rd6+ $18 Kg7 78. Kf3 $2 (78. Rc6 {aiming for Kd3.} Bd4 79. Re6) 78... Kf7 $18 79. Rc6 Bd4 80. Rc2 Bb6 81. Ke4 (81. Ke2 $18) 81... Ke6 82. b5 Kf6 83. Rc6+ Kf7 84. Kd5 Ba5 85. Re6 Bb6 86. Re5 Kf6 87. Re4 Kf7 88. Kd6 Kf6 89. Rf4+ Kg7 90. Ke6 Ba5 (90... e2 $2 91. Re4 $18) 91. Re4 Bb6 92. Ke5 Bc7+ 93. Kd5 (93. Kd4 $16 {Black must now prevent Re7+.} Bxg3 94. Kxe3) 93... Bb6 (93... Bxg3 $14 94. Kd4 Bh2 95. Kxe3 Bg1+ 96. Kf4 Kf6) 94. Ke6 $16 Bc5 95. g4 hxg4 96. Rxg4 ({Wrong is} 96. Kd5 $2 g3 97. Kxc5 g2 $19) 96... Kh6 (96... e2 $2 97. Re4 $18) 97. Kf7 Bb6 (97... e2 $2 98. Rxg6+ Kh5 99. Re6 $18) 98. Rxg6+ ({Better is} 98. Ke7 $16) 98... Kh5 $11 99. Rg8 Kxh4 (99... e2 $2 100. Re8 $18) 100. Kf6 Ba5 (100... Bd4+ 101. Kf5 Bb6 102. Rg7 $18) 101. Rg2 Kh3 102. Re2 Bb6 $2 {[%emt 0:00:36][%mdl 8192] [#]} (102... Bd2 $11 103. Kf5 Kh4) 103. Kf5 $1 $18 Kg3 104. Ke4 Bc5 105. Ra2 Bb6 106. Rc2 Kg4 107. Rg2+ Kh5 108. Kf5 Kh6 109. Rg6+ Kh7 110. Rg4 Kh6 111. Rg2 Bd4 112. Rg8 Bb6 113. Rg4 Kh5 114. Re4 Kh6 {[%emt 0:00:09] [#]} 115. Re8 $2 (115. Kf6 $1 $18 Kh5 116. Ra4 Bd8+ 117. Kf5) 115... Kg7 $11 116. Re4 Kf7 117. Re6 Bc5 118. Re4 Bb6 119. Re5 Kg7 120. Re7+ Kh6 121. Re6+ Kg7 $1 122. Re7+ Kh6 123. Kf4 Kg6 124. Re6+ Kf7 125. Kf5 Kg7 126. Re7+ Kh6 127. Re6+ Kg7 $1 128. Re7+ Kh6 1/2-1/2

[Event "ETCC Open 2023"]
[Site "Budva"]
[Date "2023.11.12"]
[Round "2.34"]
[White "Indjic, Aleksandar"]
[Black "Moroni, Luca Jr"]
[Result "1/2-1/2"]
[ECO "A13"]
[WhiteElo "2601"]
[BlackElo "2575"]
[Annotator "TA"]
[PlyCount "207"]
[EventDate "2023.11.10"]
[EventType "team-tourn"]
[EventCountry "MNE"]
[SourceTitle "playchess.com"]
[Source "ChessBase"]
[SourceQuality "1"]
[WhiteTeam "Serbia"]
[BlackTeam "Italy"]
[WhiteTeamCountry "SRB"]
[BlackTeamCountry "ITA"]
[TimeControl "40/5400+30:1800+30"]

1. c4 e6 2. g3 d5 3. Bg2 Nf6 4. Nf3 dxc4 5. Qa4+ Bd7 6. Qxc4 c5 7. Ne5 Qc8 8. Qd3 Nc6 9. Nxd7 Nxd7 10. b3 Be7 11. Bb2 O-O 12. Nc3 Rd8 13. Rd1 Qc7 14. O-O Rac8 15. Qb1 Bf6 16. f4 Nb6 17. f5 Qe7 18. fxe6 fxe6 19. Be4 h6 20. Rf2 Rf8 21. Bxc6 Rxc6 22. Ne4 Bxb2 23. Rxf8+ Qxf8 24. Qxb2 Qd8 25. Rc1 c4 26. Rf1 cxb3 27. axb3 Nd5 28. Qe5 Ne7 29. Qf4 Nf5 30. b4 Qc7 31. Qf2 Qb6 32. b5 Qxf2+ 33. Kxf2 Rb6 (33... Rc4 $11 34. Nc3 b6) 34. Ra1 $1 $14 Rxb5 35. Ra4 (35. Rxa7 $14 Rb2 36. g4) 35... a6 36. Rxa6 $2 (36. Rc4 $15) 36... Rb3 $4 (36... bxa6 $19 37. Nc3 Rb4) 37. Ra7 (37. Rxe6 $18 Kf8 38. Re5) 37... Rb2 38. g4 Nd4 39. e3 Nc6 40. Ra8+ Kf7 41. Rc8 Rb4 42. Rc7+ $1 Kg8 43. Nc5 Rxg4 44. Nxe6 Rg6 45. Nc5 b6 {[%emt 0:00:00] [#]} (45... Ne5 $1 $14) 46. Nd7 $1 $16 Rd6 47. Ke2 (47. Nxb6 $6 Ne5 $11) 47... b5 48. h4 (48. Nc5 $16) 48... g5 $14 49. h5 b4 (49... Nb4 $1 $11 {was preferrable.}) 50. d4 Nxd4+ (50... b3 $11 {might be stronger.} 51. Nc5 Nxd4+ 52. exd4 Rb6 53. Nxb3 Rxb3) 51. exd4 $14 Rxd4 52. Ke3 Rh4 53. Nf6+ Kf8 54. Rb7 b3 55. Kd3 (55. Rxb3 $2 Rh3+ 56. Kf2 Rxb3 $19) 55... Rf4 56. Nd7+ Ke7 57. Nc5+ Kf6 58. Rb6+ (58. Rxb3 $5 Rh4 59. Ne4+ (59. Rb6+ Kf7 $16) 59... Ke5 60. Ng3 $14) 58... Kf5 59. Ne6 (59. Nxb3 {simplifies} Kg4 60. Rxh6 Rf3+ 61. Kc4) 59... Rh4 60. Ng7+ Ke5 61. Kc3 (61. Rxb3 $2 {perishes.} Rh3+ 62. Kc4 Rxb3 63. Kxb3 g4 $19) 61... Rh3+ 62. Kb2 g4 63. Rxh6 g3 64. Rg6 (64. Kxb3 {gets mated.} g2+ 65. Kc4 Rh4+ 66. Kb5 g1=Q 67. Re6+ Kd5) 64... Kf4 65. Ne6+ Ke5 66. Ng7 Kf4 67. Ne6+ Ke5 68. Nc5 Rxh5 69. Rxg3 (69. Nd3+ {feels hotter.} Ke4 70. Rxg3 Rh2+ 71. Kc3) 69... Rh1 70. Kxb3 Kd5 71. Rg5+ Kc6 72. Nd3 Kd6 73. Kc3 Rh4 74. Nc5 $1 Rh1 75. Nb3 Rh4 76. Nd4 Rh1 77. Rg8 Rc1+ 78. Kd2 Rh1 79. Rd8+ Ke5 80. Nc6+ Ke6 81. Ke2 Ra1 82. Rd3 Rh1 83. Nd4+ Kf6 84. Ke3 Re1+ 85. Kf4 Rf1+ 86. Nf3 Ra1 87. Rd6+ Ke7 88. Rb6 Rf1 89. Ke4 Kd7 90. Nd4 Ke7 91. Ne6 Re1+ 92. Kd5 Rd1+ 93. Nd4 Kf7 94. Ra6 Ke7 95. Re6+ Kf7 96. Re2 Kf6 97. Re4 Ra1 98. Rf4+ Kg6 99. Rf2 Re1 100. Nf3 Ra1 101. Ne5+ Kg5 102. Nf7+ Kg4 103. Nd6 Ra5+ 104. Ke4 1/2-1/2

[Event "ETCC Open 2023"]
[Site "Budva"]
[Date "2023.11.12"]
[Round "2.35"]
[White "Sonis, Francesco"]
[Black "Markus, Robert"]
[Result "1/2-1/2"]
[ECO "E69"]
[WhiteElo "2564"]
[BlackElo "2582"]
[Annotator "TA"]
[PlyCount "108"]
[EventDate "2023.11.10"]
[EventType "team-tourn"]
[EventCountry "MNE"]
[SourceTitle "playchess.com"]
[Source "ChessBase"]
[SourceQuality "1"]
[WhiteTeam "Italy"]
[BlackTeam "Serbia"]
[WhiteTeamCountry "ITA"]
[BlackTeamCountry "SRB"]
[TimeControl "40/5400+30:1800+30"]

1. d4 Nf6 2. c4 d6 3. Nc3 Nbd7 4. Nf3 g6 5. g3 Bg7 6. Bg2 O-O 7. O-O e5 8. e4 exd4 9. Nxd4 c6 {[%emt 0:00:06] 9...Nc5 is the modern continuation.} 10. h3 Re8 11. Be3 a5 {[%emt 0:00:16] E69: King's Indian: Fianchetto: 6...Nbd7 7 0-0 e5 8 e4 c6 9 h3.} 12. Qc2 a4 13. Rad1 Qa5 {[%emt 0:00:45] White is slightly better.} 14. b3 axb3 15. axb3 Nc5 16. Rfe1 Nfd7 17. Rb1 Qb4 18. Red1 Ne5 {[%emt 0:05:35] [#]} 19. Kh2 $146 ({Predecessor:} 19. Nce2 Ned7 20. Kh2 Nf6 21. f3 Ncd7 22. Bd2 Qb6 23. b4 Qc7 24. Bc3 Ne5 25. Bb2 Ra2 26. Qb3 {½-½ Wojtaszek,R (2726)-Jobava,B (2707) EU-ch blitz 29th 2010 (11)}) 19... h5 20. Nde2 Ra3 {[%emt 0:07:04] [#]} (20... Ned7 $142) 21. Nb5 cxb5 $11 22. Bd2 Qxb3 23. Rxb3 Rxb3 24. Bc3 {[%emt 0:16:46] Dodges Rb2. cxb5 is the strong threat.} b4 (24... bxc4 25. f4 $14 (25. Rxd6 b5 $11)) (24... Nxc4 25. Bxg7 Kxg7 26. Nd4 $16) 25. Bd4 {[%emt 0:16:47] [#] Bxc5 would be deadly. Really sharp!} Ra3 $1 26. Qb1 b3 {[%emt 0:08:04] Threatens to win with ...Be6.} ({Don't do} 26... Nxc4 27. Bxg7 (27. Qxb4 Bxd4 28. Rxd4 Ra4 $16) 27... Kxg7 28. Qxb4 $16) 27. Nc3 Ra5 ({Much less strong is} 27... Nxc4 28. Bxg7 Kxg7 29. Bf1 $16) (27... Bd7 $5 ) 28. Bxc5 Rxc5 29. Qxb3 Nxc4 30. Na4 Rc7 31. Nb6 Nxb6 32. Qxb6 Rc6 33. Qb4 {[%emt 0:00:12][%mdl 1024] White has compensation.} Bf8 34. Qb1 Rc5 35. h4 b5 36. Rd5 {[%emt 0:01:15] aiming for Rxc5.} Rxd5 37. exd5 Bd7 (37... Re2 $11 {keeps the balance.}) 38. Bh3 $16 f5 39. Bf1 (39. Qa1 $5 Re2 40. Kg1 $14) 39... Rc8 40. Qa1 (40. Bxb5 $2 {is the wrong capture.} Rb8 41. Qb3 Rxb5 $19) 40... Be8 41. Bd3 (41. Qe1 $5 Bf7 42. Bxb5 $14) 41... Rc5 42. Qb1 (42. g4 {is more complex.} hxg4 43. h5 gxh5 44. Qf6) 42... Rxd5 43. Qb3 Bf7 44. Bxb5 {[%emt 0:00:00] And now Bc4 would win.} Re5 45. Bc4 Bxc4 (45... d5 {keeps more tension.} 46. Qc3 Re4 47. Bd3 Bg7) 46. Qxc4+ $11 {[%emt 0:00:00][%mdl 4096] Endgame KQ-KRB} Kg7 47. Qc7+ Be7 48. Kg2 Kf7 49. Qc4+ Kg7 50. f3 Bf8 51. Qd4 {[%emt 0:00:00] Hoping for f4.} Kf7 52. Qc4+ Kg7 53. Qd4 {[%emt 0:00:00] Black must now prevent f4.} Kf7 54. Qc4+ Kg7 {[%emt 0:00:00] Weighted Error Value: White=0.11 (very precise) /Black=0.09 (flawless)} 1/2-1/2

[Event "ETCC Open 2023"]
[Site "Budva"]
[Date "2023.11.12"]
[Round "2.36"]
[White "Ivic, Velimir"]
[Black "Lodici, Lorenzo"]
[Result "1-0"]
[ECO "C83"]
[WhiteElo "2557"]
[BlackElo "2550"]
[Annotator "RC"]
[PlyCount "99"]
[EventDate "2023.11.10"]
[EventType "team-tourn"]
[EventCountry "MNE"]
[SourceTitle "playchess.com"]
[Source "ChessBase"]
[SourceQuality "1"]
[WhiteTeam "Serbia"]
[BlackTeam "Italy"]
[WhiteTeamCountry "SRB"]
[BlackTeamCountry "ITA"]
[TimeControl "40/5400+30:1800+30"]

1. e4 e5 2. Nf3 Nc6 3. Bb5 a6 4. Ba4 Nf6 5. O-O Nxe4 6. d4 b5 7. Bb3 d5 8. dxe5 Be6 9. c3 Be7 10. h3 O-O 11. Bc2 Qd7 12. Nbd2 f5 13. exf6 Nxf6 14. Re1 Bf5 15. Bxf5 Qxf5 16. Nf1 Rad8 17. Ng3 Qd7 18. a4 Bc5 19. Be3 Bxe3 20. Rxe3 Rfe8 21. Rxe8+ Rxe8 22. b4 Ne5 23. Nxe5 Rxe5 24. axb5 axb5 25. Qd4 Qd6 26. Nf1 Re4 27. Ra8+ Kf7 28. Qd2 Qe5 29. Ne3 d4 30. cxd4 Qxd4 31. Qa2+ Kg6 32. Ra6 c5 33. bxc5 Qxc5 34. Qb1 Qb4 35. Qc2 Kf7 36. Nf5 Re1+ 37. Kh2 Qf4+ 38. g3 Qc1 39. Qb3+ Kg6 40. Qf3 Qd1 41. Nh4+ Kf7 42. Ra7+ Kf8 43. Qb7 Nd7 44. Nf5 g6 45. Ne3 Qd2 46. Qf3+ Ke7 47. Nd5+ Kd6 48. Kg2 Qc1 49. Nf6 Ne5 50. Qd5# 1-0